 Dungeon Crawl Stone Soup version 0.30.0-5-g1a98f26d00 (webtiles) character file.

Game seed: 10730830103841663261

1039 SnakkuSnakku7 the Basher (level 8, -2/58 HPs)
             Began as a Human Cinder Acolyte on May 13, 2023.
             Was a Priest of Ignis.
             Slain by a centaur
             ... wielding a +0 flail
              (5 damage)
             ... on level 5 of the Dungeon.
             The game lasted 00:07:05 (5252 turns).

SnakkuSnakku7 the Basher (Human Cinder Acolyte)     Turns: 5252, Time: 00:07:06

Health: -2/58      AC: 11    Str: 17    XL:     8   Next: 49%
Magic:  9/9        EV:  4    Int: 14    God:    Ignis [***...]
Gold:   262        SH:  2    Dex:  9    Spells: 9/9 levels left

rFire   + . .        a - +0 flail
rCold   . . .        g - +0 buckler
rNeg    . . .        u - +0 plate armour
rPois   .            (no helmet)
rElec   .            e - +0 cloak
rCorr   .            (no gloves)
SInv    +            (no boots)
Will    .....        (no amulet) Stlth
                     k - ring of see invisible
HPRegen 0.29/turn    (no ring)
MPRegen 0.11/turn

%: no passive effects
@: no status effects
A: no striking features
a: Renounce Religion, Fiery Armour, Foxfire Swarm, Rising Flame


You were on level 5 of the Dungeon.
You worshipped Ignis.
Ignis was most pleased with you.
You visited 1 branch of the dungeon, and saw 5 of its levels.
You also visited: Sewer.

You collected 262 gold pieces.

Inventory:

Hand Weapons
 a - a +0 flail (weapon)
 s - a -1 mace of flaming
Armour
 b - a +0 robe
 e - a +0 cloak (worn)
 g - a +0 buckler (worn)
 j - a +0 ring mail
 t - a +0 kite shield
 u - a +0 plate armour (worn)
Jewellery
 k - a ring of see invisible (left hand)
Scrolls
 c - 4 scrolls of teleportation {unknown}
 f - a scroll of fear {unknown}
 h - 5 scrolls of identify {unknown}
 l - a scroll of silence {unknown}
 q - a scroll of acquirement {unknown}
 r - 2 scrolls of blinking {unknown}
 v - a scroll of magic mapping {unknown}
 x - 3 scrolls of enchant weapon {unknown}
 y - 2 scrolls of immolation {unknown}
 z - a scroll of vulnerability {unknown}
Potions
 d - 3 potions of magic {unknown}
 i - 2 potions of lignification {unknown}
 m - 2 potions of degeneration {unknown}
 n - a potion of flight {unknown}
 o - 3 potions of heal wounds {unknown}
 p - 4 potions of curing {unknown}
 w - a potion of haste {unknown}
 A - a potion of mutation {unknown}


   Skills:
 - Level 3.0 Fighting
 + Level 9.9 Maces & Flails
 - Level 1.0 Spellcasting
 - Level 3.0 Fire Magic


You had 9 spell levels left.
You didn't know any spells.
Your spell library contained the following spells:

 Spells                   Type           Power      Damage    Failure   Level
 Scorch                   Fire           18%        2d5       100%        2
 Sublimation of Blood     Necr           0%         N/A       100%        2
 Inner Flame              Hex/Fire       4%         N/A       100%        3
 Flame Wave               Conj/Fire      4%         2d5       100%        4
 Petrify                  Tmut/Erth      0%         N/A       100%        4
 Sticky Flame             Conj/Fire      4%         2d3       100%        4
 Irradiate                Conj/Tmut      0%         3d11      100%        5


Dungeon Overview and Level Annotations

Branches:
Dungeon (5/15)              Sewer (visited)
 Temple: D:4-7

Altars:
Qazlal
Sif Muna
Uskayaw
Vehumet


Message History

The centaur is heavily wounded.
The centaur hits you with a +0 flail.
The centaur kicks you but does no damage.
You hit the centaur.
The centaur is severely wounded.
The centaur hits you with a +0 flail! You block the centaur's attack.
The centaur hits you with a +0 flail.
The centaur kicks you but does no damage.
You barely miss the centaur.
The centaur is severely wounded.
The centaur hits you but does no damage.
The centaur kicks you but does no damage.
You barely miss the centaur.
The centaur is severely wounded.
The centaur hits you with a +0 flail.
* * * LOW HITPOINT WARNING * * *
The centaur kicks you but does no damage.
You hit the centaur.
The centaur is almost dead.
The centaur hits you with a +0 flail.
* * * LOW HITPOINT WARNING * * *
The centaur kicks you but does no damage.
The centaur hits you with a +0 flail.
* * * LOW HITPOINT WARNING * * *
The centaur barely misses you.
You hit the centaur but do no damage.
The centaur is almost dead.
The centaur hits you with a +0 flail.
* * * LOW HITPOINT WARNING * * *
The centaur kicks you but does no damage.
Unknown command.
You hit the centaur but do no damage.
The centaur is almost dead.
The centaur hits you with a +0 flail.
* * * LOW HITPOINT WARNING * * *
The centaur kicks you but does no damage.
You hit the centaur.
The centaur is almost dead.
The centaur hits you with a +0 flail.
You die...

####.####.# ..........#
# ........###
#..##.###.# #> #.# #.#
#.. #.###.##########
#..##.#....)........
##.#............######.
.......@.###.##.#
...##.c### #.##.# #..
#.##.# #.. #.##.# ...
#.##.# .... ..##..
#.... ### ...#.


You could see a centaur.

Vanquished Creatures
  Grinder (D:3)
  An ogre (D:5)
  Blork the orc (D:5)
  2 bullfrogs (D:4)
  2 scorpions (D:4)
  A jelly (D:4)
  An orc priest (D:3)
  A sleepcap (D:4)
  3 orc wizards (D:4)
  11 adders
  4 gnolls (D:3)
  2 river rats (Sewer)
  A white imp (D:5)
  An ufetubus (D:4)
  A worm (D:3)
  2 dart slugs
  18 orcs
  11 ball pythons
  6 bats
  9 endoplasms
  3 giant cockroaches (D:1)
  A goblin (D:3)
  5 hobgoblins
  3 quokkas (D:3)
  10 frilled lizards
  7 kobolds
  11 rats
119 creatures vanquished.

Vanquished Creatures (others)
  61 foxfires
61 creatures vanquished.

Grand Total: 180 creatures vanquished

Notes
Turn   | Place    | Note
-------+----------+-------------------------------------------
     0 | D:1      | SnakkuSnakku7 the Human Cinder Acolyte began the quest for
                  | the Orb.
     0 | D:1      | Reached XP level 1. HP: 18/18 MP: 2/2
   252 | D:1      | Reached XP level 2. HP: 21/24 MP: 3/3
   723 | D:1      | Reached skill level 4 in Maces & Flails
   723 | D:1      | Reached XP level 3. HP: 23/29 MP: 4/4
  1060 | D:2      | You fall into a shaft and drop 2 floors!
  1095 | D:4      | Noticed a scorpion
  1110 | D:4      | Killed a scorpion
  1111 | D:4      | Reached skill level 5 in Maces & Flails
  1111 | D:4      | Reached XP level 4. HP: 28/35 MP: 5/5
  1120 | D:4      | Found a radiant altar of Vehumet.
  1195 | D:4      | Found a stormy altar of Qazlal.
  1230 | D:4      | Reached XP level 5. HP: 40/41 MP: 6/6
  1329 | D:4      | Found a glowing drain.
  1338 | Sewer    | Entered a sewer
  1520 | Sewer    | Reached skill level 6 in Maces & Flails
  1720 | D:4      | Noticed a bullfrog
  1727 | D:4      | Killed a bullfrog
  1728 | D:4      | Reached XP level 6. HP: 44/47 MP: 7/7
  1818 | D:4      | HP: 2/47 [acid (7)]
  1993 | D:3      | Reached skill level 7 in Maces & Flails
  2016 | D:4      | Reached XP level 7. HP: 19/52 MP: 8/8
  2756 | D:2      | Found a shimmering blue altar of Sif Muna.
  3079 | D:3      | Noticed Grinder
  3110 | D:3      | Paralysed by Grinder for 3 turns
  3120 | D:3      | Paralysed by Grinder for 2 turns
  3127 | D:3      | Killed Grinder
  3128 | D:3      | Reached skill level 8 in Maces & Flails
  3543 | D:3      | Found a hide-covered altar of Uskayaw.
  4181 | D:4      | Reached skill level 9 in Maces & Flails
  4181 | D:4      | Reached XP level 8. HP: 40/58 MP: 9/9
  4584 | D:4      | Identified the +5 long sword of a wizard's laboratory
                  | {elec, Dex+5}
  4735 | D:5      | Entered Level 5 of the Dungeon
  5129 | D:5      | Noticed Blork the orc
  5138 | D:5      | Killed Blork the orc
  5252 | D:5      | Slain by a centaur

Illustrated notes

Levels and vault maps discovered:
D:1:      amcnicky_arrival_single_pillar, layout_basic, serial_corexii_hall,
          corexii_hall_statues_t, chequers_hall_statues_corner_a,
          hangedman_decor_peaks_small, minmay_bisected
D:2:      layout_basic, basic_altar
D:3:      minmay_chambers_of_twos, layout_loops_ring,
          nicolae_uskayaw_murder_on_the_dancefloor, serial_forest,
          infiniplex_forest_end_1, infiniplex_forest_end_2,
          infiniplex_forest_zigzag_1, infiniplex_forest_clump_large,
          infiniplex_forest_straight_3, infiniplex_forest_straight_2,
          infiniplex_forest_lined_1, minmay_door_square, patterned_corridor,
          uniq_grinder
D:4:      layout_basic, lemuel_doored_altar,
          mainiacjoe_overflow_six_doors_small, portal_sewer_entry_d,
          kennysheep_another_room, minmay_starry_boxes
D:5:      layout_loops_ring, serial_shops, shop, minmay_increasing_density,
          uniq_blork_the_orc

Skill      XL: |  1  2  3  4  5  6  7 |
---------------+----------------------+-----
Maces & Flails | 4 5 6 7 9 |  9.9
Fighting       | |  3.0
Spellcasting   | |  1.0
Fire Magic     | |  3.0

Action                     |  1- 3 |  4- 6 |  7- 9 || total
---------------------------+-------+-------+-------++-------
  Melee: Mace              |    88 |   129 |       ||   217
         Flail             |       |       |   290 ||   290
 Invoke: Foxfire Swarm     |     1 |     2 |     1 ||     4
 Armour: Robe              |    29 |       |       ||    29
         Ring mail         |     3 |    71 |    11 ||    85
         Plate armour      |       |       |   181 ||   181
  Dodge: Dodged            |    70 |    74 |    77 ||   221
  Block: Buckler           |     4 |    12 |    18 ||    34
